 Dungeon Crawl Stone Soup version 0.21-a0-210-gbfa5647 (webtiles) character file.

91 kuschelkatze the Chopper (level 4, 0/40 HPs)
             Began as a Minotaur Berserker on Aug 15, 2017.
             Was a Believer of Trog.
             Slain by an orc wizard
             ... wielding a +1 dagger of pain
              (1 damage)
             ... on level 2 of the Dungeon on Aug 21, 2017.
             The game lasted 00:04:25 (1456 turns).

kuschelkatze the Chopper (Minotaur Berserker)       Turns: 1456, Time: 00:04:26

Health: 0/40       AC:  6    Str: 22    XL:     4   Next: 33%
Magic:  3/3        EV: 11    Int:  4    God:    Trog [**....]
Gold:   81         SH:  0    Dex: 10    Spells: 3/3 levels left

rFire    . . .     SeeInvis .   a - +0 hand axe
rCold    . . .     Gourm    .   (no shield)
rNeg     . . .     Faith    .   m - +0 ring mail
rPois    .         Spirit   .   (helmet restricted)
rElec    .         Reflect  .   (no cloak)
rCorr    .         Harm     .   d - +0 pair of gloves
MR       .....                  (no boots)
Stlth    ..........             (no amulet)
HPRegen  0.13/turn              (no ring)
MPRegen  0.08/turn              (no ring)

@: no status effects
A: retaliatory headbutt, horns 2
a: Berserk, Trog's Hand, Burn Spellbooks, Renounce Religion


You were on level 2 of the Dungeon.
You worshipped Trog.
Trog was pleased with you.
You were not hungry.

You visited 1 branch of the dungeon, and saw 2 of its levels.

You collected 81 gold pieces.

Inventory:

Hand Weapons
 a - a +0 hand axe (weapon)
Armour
 d - a +0 pair of gloves (worn)
 m - a +0 ring mail (worn)
Scrolls
 e - 2 scrolls of teleportation {unknown}
 h - a scroll of identify {unknown}
 i - a scroll of noise {unknown}
 j - a scroll of remove curse {unknown}
 k - 2 scrolls of magic mapping {unknown}
 n - a scroll of fear {unknown}
 p - 2 scrolls of enchant armour {unknown}
Potions
 b - a potion of lignification {unknown}
 g - a potion of cancellation {unknown}
 o - a potion of curing {unknown}
Comestibles
 c - 2 bread rations
 f - 11 chunks of flesh
 l - 6 fruits


   Skills:
 - Level 4.2 Fighting
 + Level 5.6 Axes
 - Level 2.6 Armour
 - Level 2.4 Dodging


You had 3 spell levels left.
You didn't know any spells.

Dungeon Overview and Level Annotations

Branches:
Dungeon (2/15)

Altars:
Qazlal
Ru


Innate Abilities, Weirdness & Mutations

You reflexively headbutt those who attack you in melee.
You have a pair of horns on your head.


Message History

You have reached level 4!
You feel stronger.
You completely miss the orc wizard.
The orc wizard hits you but does no damage.
The orc wizard hits you but does no damage.
You closely miss the orc wizard.
The orc wizard is moderately wounded.
The orc wizard hits you but does no damage.
You writhe in agony.
* * * LOW HITPOINT WARNING * * *
You closely miss the orc wizard.
The orc wizard is moderately wounded.
The orc wizard casts a spell at you. The puff of flame hits you!
* * * LOW HITPOINT WARNING * * *
You barely miss the orc wizard.
The orc wizard is moderately wounded.
The orc wizard hits you but does no damage.
You writhe in agony.
You die...

.....###.# #.# #...........#.
....<# #.# #.## #...8...8..##.
.....# #.# #.)#####.........###.
.....###.#####.##.....######## ..
.........#..)......##....... ..
......####.###.............# ###
......# #.# #..#######.##.#
......####.###..#######.# .######
..........#.....@og...... .......
#.#...รท###.####..###.............
#.....))........)###.# . #.###.##
####...#.............## #
#..###.......#.....#####'# #.##
##.###..#.###.'.....# ##.###.##
#......g.#.###.# ##.#.##
#....#####.# ##.## #.#### #.###.#


You could see an orc wizard and a goblin.

Vanquished Creatures
  An orc priest (D:2)
  An adder (D:2)
  An ooze (D:2)
  A worm (D:2)
  3 dart slugs (D:1)
  2 leopard geckos
  3 orcs (D:2)
  4 bats (D:2)
  2 giant cockroaches (D:1)
  3 goblins
  6 hobgoblins
  A kobold (D:2)
  3 frilled lizards (D:1)
  5 rats
36 creatures vanquished.

Notes
Turn   | Place    | Note
-------+----------+-------------------------------------------
     0 | D:1      | kuschelkatze the Minotaur Berserker began the quest for the Orb.
     0 | D:1      | Reached XP level 1. HP: 19/19 MP: 0/0
   129 | D:1      | Reached XP level 2. HP: 22/27 MP: 1/1
   288 | D:1      | Reached skill level 4 in Axes
   791 | D:1      | Upgraded the game from 0.21-a0-195-gc079aee to 0.21-a0-210-gbfa5647
   902 | D:2      | Reached XP level 3. HP: 33/33 MP: 2/2
  1207 | D:2      | Reached ** piety under Trog
  1207 | D:2      | Reached skill level 5 in Axes
  1332 | D:2      | Found a sacrificial altar of Ru.
  1332 | D:2      | Found a stormy altar of Qazlal.
  1452 | D:2      | Reached XP level 4. HP: 12/40 MP: 3/3
  1455 | D:2      | HP: 1/40 [orc wizard/puff of flame (10)]
  1456 | D:2      | Slain by an orc wizard

Vault maps used:
D:1:      minmay_arrival_split_and_join, minmay_misc_feat_diagonals
D:2:      cheibrodos_pilgrimage, gammafunk_temple_overflow_statue,
          minmay_misc_feat_encased

Skill      XL: |  1  2  3 |
---------------+----------+-----
Fighting       | 4 |  4.2
Axes           | 4 5 |  5.6
Armour         | |  2.6
Dodging        | |  2.4

Action                   |  1- 3 |  4- 6 || total
-------------------------+-------+-------++-------
Melee: Hand axe          |    88 |     3 ||    91
       Headbutt          |    17 |       ||    17
  Eat: Chunk             |     2 |       ||     2
Armor: Animal skin       |     8 |       ||     8
       Ring mail         |    24 |     4 ||    28
Dodge: Dodged            |    49 |       ||    49

Table legend:
 A = Spawn XP
 B = Non-spawn XP
 C = Spawn XP percentage of total XP
 D = Spawn monster count
 E = Non-spawn monster count
 F = Spawn count percentage of total count
 G = Total turns spent on level
                    A         B        C        D         E        F      G
               +---------+---------+-------+---------+---------+-------+---------
         Total |       1 |      97 |   1.0 |       1 |      19 |   5.0 |   665
               +---------+---------+-------+---------+---------+-------+---------
           D:2 |       1 |      97 |   1.0 |       1 |      19 |   5.0 |   614
               +---------+---------+-------+---------+---------+-------+---------
